 Dungeon Crawl Stone Soup version 0.20.1-1-g8b1a95d (webtiles) character file.

41 tidbits the Insei (level 3, 0/27 HPs)
             Began as a Demigod Transmuter on Aug 19, 2017.
             Slain by a bat (1 damage)
             ... on level 2 of the Dungeon.
             The game lasted 00:06:58 (682 turns).

tidbits the Insei (Demigod Transmuter)               Turns: 682, Time: 00:06:59

Health: 0/27       AC:  3    Str: 13    XL:     3   Next: 16%
Magic:  2/8        EV: 14    Int: 19    God:
Gold:   56         SH:  0    Dex: 16    Spells: 3/6 levels left

rFire    . . .     SeeInvis .     - Unarmed
rCold    . . .     Gourm    .   (no shield)
rNeg     . . .     Faith    .   b - +0 robe
rPois    .         Spirit   .   (no helmet)
rElec    .         Reflect  .   C - +0 cloak
rCorr    .         Harm     .   (no gloves)
MR       .....                  (no boots)
Stlth    +.........             (no amulet)
Regen    0.1/turn               V - +2 ring of evasion
MPRegen  0.2/turn               (no ring)

@: no status effects
A: high mp 1
a: no special abilities


You were on level 2 of the Dungeon.
You were hungry.

You visited 1 branch of the dungeon, and saw 2 of its levels.

You collected 56 gold pieces.

Inventory:

Missiles
 f - 8 stones (quivered)
Armour
 b - a +0 robe (worn)
 k - a +0 ring mail
 C - a +0 cloak (worn)
Jewellery
 V - a +2 ring of evasion (left hand)
   (You found it on level 1 of the Dungeon)
Scrolls
 e - a scroll of identify {unknown}
 h - a scroll of fog {unknown}
 i - a scroll of noise {unknown}
 j - a scroll of teleportation
 l - a scroll of remove curse {unknown}
 m - a scroll of magic mapping {unknown}
Books
 c - a book of Changes

   Spells                             Type                      Level
   a - Beastly Appendage              Transmutation                1
   b - Sticks to Snakes               Transmutation                2
   c - Spider Form                    Transmutation/Poison         3
   d - Ice Form                       Ice/Transmutation            4
   e - Blade Hands                    Transmutation                5
Comestibles
 d - 2 bread rations
 g - a royal jelly


   Skills:
 - Level 0.8 Fighting
 - Level 1.7 Dodging
 - Level 3.9 Unarmed Combat
 + Level 2.0 Spellcasting
 - Level 1.7 Transmutations


You had 3 spell levels left.
You knew the following spells:

 Your Spells              Type           Power        Failure   Level  Hunger
e - Beastly Appendage     Tmut           #.....       9%          1    #......
k - Sticks to Snakes      Tmut           #.......     12%         2    ###....


Dungeon Overview and Level Annotations

Branches:
Dungeon (2/15)

Annotations:
D:2 1 runed door


Innate Abilities, Weirdness & Mutations

You have an increased reservoir of magic. (+10% MP)


Message History

The jackal barely misses your ball python.
You barely miss the frilled lizard.
The hobgoblin hits you but does no damage.
The jackal misses your ball python.
Your ball python misses the jackal.
Your ball python closely misses the jackal.
The frilled lizard closely misses you.
You barely miss the frilled lizard.
The jackal completely misses your ball python.
The hobgoblin hits you with a club.
Your ball python misses the jackal.
Your ball python grabs the jackal.
Your ball python constricts the jackal.
The frilled lizard bites you but does no damage.
The jackal bites your ball python.
Your ball python bites the jackal.
Your ball python constricts the jackal.
The frilled lizard barely misses you. The jackal bites your ball python.
You punch the frilled lizard!
You kill the frilled lizard!
Your ball python barely misses the jackal.
Your ball python constricts the jackal.
The jackal bites your ball python.
Your ball python dies!
The hobgoblin misses you.
Casting: Sticks to Snakes
Confirm with . or Enter, or press ? or * to list all spells.
You create a snake!
You now have 1 arrow.
You are feeling hungry.
The hobgoblin hits your adder with a club.
You hit the hobgoblin.
The hobgoblin is lightly wounded.
The jackal bites your adder.
Your adder bites the hobgoblin but does no damage.
The hobgoblin misses you. The jackal closely misses your adder.
You hit the hobgoblin.
The hobgoblin is almost dead.
The jackal closely misses your adder.
Your adder bites the hobgoblin.
The hobgoblin dies!
You hit the goblin. Your punch misses the goblin.
The goblin is severely wounded.
The jackal bites your adder.
Your adder barely misses the goblin.
You closely miss the goblin.
The goblin is severely wounded.
The jackal closely misses your adder. The goblin hits you but does no damage.
Your adder bites the goblin.
The goblin dies!
Your Spellcasting skill increases to level 2!
Casting: Sticks to Snakes
Confirm with . or Enter, or press ? or * to list all spells.
You create a snake!
You now have no arrows remaining.
The jackal bites your adder.
Your adder barely misses the jackal.
The jackal bites your adder.
Your adder dies!
The worm bites your ball python!
Your ball python dies!
Casting: Sticks to Snakes
Confirm with . or Enter, or press ? or * to list all spells.
You don't have enough magic to cast that spell.
The jackal barely misses you.
As you read the scroll labeled ESHRONG MAGHOT, it crumbles to dust.
You feel strangely unstable.
It was a scroll of teleportation.
The jackal completely misses you.
The jackal bites you but does no damage.
You hit the jackal.
The jackal is heavily wounded.
The jackal bites you.
* * * LOW HITPOINT WARNING * * *
The worm bites you.
* * * LOW HITPOINT WARNING * * *
You closely miss the jackal.
The jackal is heavily wounded.
The jackal barely misses you.
You hit the jackal.
The jackal is almost dead.
The jackal closely misses you. The worm bites you.
* * * LOW HITPOINT WARNING * * *
The jackal bites you.
* * * LOW HITPOINT WARNING * * *
You aren't carrying any potions.
You closely miss the jackal.
The jackal is almost dead.
The jackal barely misses you.
You closely miss the jackal.
The jackal is almost dead.
Your surroundings suddenly seem different.
Found 12 gold pieces.
A bat and a rat come into view.
Unknown command.
The bat hits you.
* * * LOW HITPOINT WARNING * * *
Casting: Sticks to Snakes
Confirm with . or Enter, or press ? or * to list all spells.
You don't have enough magic to cast that spell.
Okay, then.
The bat hits you but does no damage.
The jackal barks!
The bat hits you but does no damage. The bat hits you.
* * * LOW HITPOINT WARNING * * *
The bat hits you but does no damage. The bat closely misses you.
The bat barely misses you. The bat hits you.
You die...

♣♣##.)†..# ♣♣........#
.. .♣♣♣♣......##.##
..... ♣..♣........#..#
.....
♣.♣....##....#####.....
♣♣♣♣♣#####....#.....#.#
####.#........... #
#.w<.##.†........ ..h
#.######@b.......
#h.##h# ##.....##
#...hh# ##h###..###
##..#..#####..###$...#
##....h...........#..
.......####..r......
..##.....# #.........
... ...)..............
..# #.....#.........#.


You could see a jackal and a bat.

Vanquished Creatures
  An ooze (D:1)
  A worm (D:2)
  5 bats (D:1)
  2 giant cockroaches (D:1)
  2 goblins
  4 jackals (D:1)
  A ball python (D:1)
  4 frilled lizards
  8 kobolds
  4 rats (D:1)
32 creatures vanquished.

Vanquished Creatures (collateral kills)
  2 goblins (D:2)
  A hobgoblin (D:2)
  2 jackals (D:1)
  A bat (D:2)
6 creatures vanquished.

Grand Total: 38 creatures vanquished

Notes
Turn   | Place    | Note
-------+----------+-------------------------------------------
     0 | D:1      | tidbits the Demigod Transmuter began the quest for the Orb.
     0 | D:1      | Reached XP level 1. HP: 15/15 MP: 5/5
    86 | D:1      | HP: 1/15 [kobold/whip (6)]
   141 | D:1      | Reached skill level 3 in Unarmed Combat
   205 | D:1      | Reached XP level 2. HP: 5/22 MP: 5/7
   209 | D:1      | Learned a level 2 spell: Sticks to Snakes
   514 | D:2      | Reached XP level 3. HP: 4/27 MP: 4/8
   628 | D:2      | Found a runed door.
   667 | D:2      | Reached skill level 2 in Spellcasting
   673 | D:2      | HP: 2/27 [jackal (2)]
   679 | D:2      | HP: 1/27 [bat (1)]
   682 | D:2      | Slain by a bat

Skill      XL: |  1  2  3 |
---------------+----------+-----
Unarmed Combat | 3 |  3.9
Spellcasting   | 2 |  2.0
Fighting       | |  0.8
Dodging        | |  1.7
Transmutations | |  1.7

Action                   || total
-------------------------++-------
Melee: Unarmed           ||    93
       Kick              ||     8
       Headbutt          ||     1
Throw: Stone             ||     4
 Cast: Beastly Appendage ||    20
       Sticks to Snakes  ||    12
  Use: Scroll            ||     1
Armor: Robe              ||    19
Dodge: Dodged            ||    58

Table legend:
 A = Turns spent in this place as a percentage of turns spent in the entire game.
 B = Non-inter-level travel turns spent in this place as a percentage of non-inter-level travel turns spent in the entire game.
 C = Inter-level travel turns spent in this place as a percentage of turns spent in this place.
 D = Turns resting spent in this place as a percentage of non-inter-level travel turns spent in this place.
 E = Turns spent auto-exploring this place as a percentage of non-inter-level travel turns spent in this place.
 F = Non-inter-level travel turns spent in this place divided by the number of levels of this place that you've seen.
                   A       B       C       D       E      F
               +-------+-------+-------+-------+-------+----------------------
         Total | 100.0 | 100.0 |   0.0 |   0.0 |   0.0 | 341.0
       Dungeon | 100.0 | 100.0 |   0.0 |   0.0 |   0.0 | 341.0
               +-------+-------+-------+-------+-------+----------------------

Table legend:
 A = Kills in this place as a percentage of kills in entire the game.
 B = Kills by you in this place as a percentage of kills by you in the entire game.
 C = Kills by friends in this place as a percentage of kills by friends in the entire game.
 D = Other kills in this place as a percentage of other kills in the entire game.
 E = Experience gained in this place as a percentage of experience gained in the entire game.
 F = Experience gained in this place divided by the number of levels of this place that you have seen.
                   A       B       C       D       E      F
               +-------+-------+-------+-------+-------+----------------------
         Total | 100.0 | 100.0 | 100.0 |  -nan | 100.0 |  29.5
       Dungeon | 100.0 | 100.0 | 100.0 |  -nan | 100.0 |  29.5
               +-------+-------+-------+-------+-------+----------------------

Vault maps used:
D:1:      lightli_arrival_windingriver, minmay_tromino_v4_b
D:2:      uniq_jessica, uniq_crazy_yiuf_cottage, uniq_robin
